 Dungeon Crawl Stone Soup version 0.19-a0-1888-g6ba2374 (webtiles) character file.

1593 Naow the Cleaver (level 9, -8/64 HPs)
             Began as a Formicid Fighter on Oct 17, 2016.
             Was an Initiate of Okawaru.
             Killed from afar by Erica (21 damage)
             ... with an orb of energy
             ... on level 9 of the Dungeon.
             The game lasted 00:09:37 (6413 turns).

Naow the Cleaver (Formicid Fighter)                 Turns: 6413, Time: 00:09:37

Health: -8/64      AC:  6    Str: 23    XL:     9   Next: 15%
Magic:  9/9        EV:  8    Int:  9    God:    Okawaru [......]
Gold:   325        SH:  9    Dex:  8    Spells: 0 memorised, 8 levels left

rFire  . . .     SeeInvis +     i - +1 hand axe (flame)
rCold  . . .     Gourm    .     b - +0 scale mail
rNeg   . . .     Faith    .     c - +0 shield
rPois  .         Spirit   .     (helmet unavailable)
rElec  .         Dismiss  .     (no cloak)
rCorr  .         Reflect  .     (no gloves)
MR     .....     Harm     .     (no boots)
Stlth  ..........               (no amulet)
                                y - ring of loudness (curse)
                                x - ring of flight

@: no status effects
A: permanent stasis, dig shafts and tunnels, four strong arms, antennae 3,
clumsy 1
a: Dig, Shaft Self, Renounce Religion, Evoke Flight


You were on level 9 of the Dungeon.
You worshipped Okawaru.
Okawaru was noncommittal.
You were hungry.

You visited 2 branches of the dungeon, and saw 9 of its levels.

You collected 325 gold pieces.

Inventory:

Hand Weapons
 a - a +0 war axe
 i - a +1 hand axe of flaming (weapon)
Armour
 b - a +0 scale mail (worn)
 c - a +0 shield (worn)
Jewellery
 x - a ring of flight (left hand)
 y - a cursed ring of loudness (right hand)
 J - a cursed ring of see invisible {unknown}
 M - an uncursed amulet of faith {unknown}
Wands
 B - a wand of disintegration (14/24)
 H - a wand of iceblast (7/15)
Scrolls
 d - 2 scrolls of blinking {unknown}
 e - 3 scrolls of immolation {unknown}
 g - a scroll of magic mapping {unknown}
 k - 4 scrolls of teleportation {unknown}
 p - 2 scrolls of noise {unknown}
 q - a scroll of enchant weapon {unknown}
 s - 2 scrolls of fog {unknown}
 t - 2 scrolls of recharging {unknown}
 u - 5 scrolls of identify {unknown}
 A - 3 scrolls of remove curse {unknown}
 I - 2 scrolls of random uselessness {unknown}
Potions
 h - 2 potions of invisibility {unknown}
 j - a potion of agility {unknown}
 l - 4 potions of curing {unknown}
 m - 4 potions of ambrosia {unknown}
 n - 3 potions of heal wounds {unknown}
 r - 2 potions of flight {unknown}
 w - 4 potions of mutation
 z - 2 potions of lignification {unknown}
 C - a potion of cancellation {unknown}
 E - 3 potions of haste {unknown}
 F - 2 potions of brilliance {unknown}
 L - a potion of cure mutation {unknown}
Books
 K - a book of Clouds

   Spells                             Type                      Level
   a - Mephitic Cloud                 Conjuration/Poison/Air       3
   b - Conjure Flame                  Conjuration/Fire             3
   c - Poisonous Cloud                Conjuration/Poison/Air       6
   d - Freezing Cloud                 Conjuration/Ice/Air          6
   e - Ring of Flames                 Charms/Fire                  7
Comestibles
 f - 4 bread rations
 o - 5 meat rations
 v - 2 royal jellies
 D - 2 beef jerkies
 G - a slice of pizza


   Skills:
 - Level 3.4 Fighting
 + Level 10.9 Axes
 - Level 3.5 Armour
 - Level 3.7 Shields


You had 8 spell levels left.
You didn't know any spells.

Dungeon Overview and Level Annotations

Branches:
Dungeon (7/15)             Temple (1/1) D:6

Altars:
Ashenzari
Cheibriados
Dithmenos
Elyvilon
Fedhas
Gozag
Hepliaklqana
Kikubaaqudgha
Makhleb
Nemelex Xobeh
Okawaru
Qazlal
Ru
Sif Muna
Trog
Uskayaw
Xom
Yredelemnul
Zin
The Shining One

Annotations:
D:6 Prince Ribbit
D:9 Erica


Innate Abilities, Weirdness & Mutations

You are under a permanent stasis effect.
You can dig through walls and to a lower floor.
Your four strong arms can wield two-handed weapons with a shield.
You have a pair of large antennae on your head. (SInv)
You are clumsy. (Dex -2)


Message History

Prince Ribbit hits you!
* * * LOW HITPOINT WARNING * * *
A shaft appears beneath you!
You fall through a shaft for 3 floors!
The shaft crumbles and collapses.
Erica the Fiery-Tempered comes into view.
She is wielding a scimitar of flaming.
Erica shouts!
Found a robe.
It was a potion of mutation.
You feel extremely strange.
You feel stupid.
You feel clever.
You feel clumsy. Erica barely misses you.
Autopickup is now off.
Autopickup is now on.
You slash Erica! You burn Erica.
Erica is lightly wounded.
You hit Erica. You burn Erica.
Erica is moderately wounded.
Erica gestures at you while chanting. The orb of energy hits you!
You die...

# ###..####
.......@#
###..[.@.......
#.#####.###.# #
.# . .. ##


You could see Erica.

Vanquished Creatures
  Grinder (D:6)
  Eustachio (D:4)
  A phantom (D:7)
  A centaur (D:3)
  A crocodile (D:7)
  A bullfrog (D:6)
  3 howler monkeys (D:7)
  2 crimson imps
  A centaur skeleton (D:4)
  3 hounds
  A jelly (D:5)
  An orc priest (D:5)
  3 bullfrog skeletons (D:5)
  Ijyb (D:3)
  Terence (D:2)
  5 worker ants
  4 orc wizards
  8 adders
  2 shadow imps (D:5)
  An adder zombie (D:6)
  2 worms
  4 dart slugs
  2 leopard geckos
  21 orcs
  A ball python (D:2)
  8 giant cockroaches
  9 goblins
  8 hobgoblins
  4 jackals
  5 kobolds
  4 quokkas
  5 bats
  7 frilled lizards
  A giant cockroach zombie (D:5)
  A leopard gecko skeleton (D:4)
  2 quokka skeletons (D:4)
  8 rats
134 creatures vanquished.

Notes
Turn   | Place    | Note
-------+----------+-------------------------------------------
     0 | D:1      | Naow the Formicid Fighter began the quest for the Orb.
     0 | D:1      | Reached XP level 1. HP: 18/18 MP: 1/1
   100 | D:1      | Reached XP level 2. HP: 24/24 MP: 2/2
   343 | D:1      | Reached XP level 3. HP: 29/29 MP: 3/3
   388 | D:1      | Reached skill level 3 in Axes
   915 | D:2      | Reached XP level 4. HP: 35/35 MP: 4/4
  1105 | D:2      | Reached skill level 4 in Axes
  1397 | D:2      | Noticed Terence
  1422 | D:2      | Killed Terence
  1422 | D:2      | Reached XP level 5. HP: 31/41 MP: 5/5
  1780 | D:3      | Noticed Ijyb
  1789 | D:3      | Killed Ijyb
  1789 | D:3      | Reached skill level 5 in Axes
  1938 | D:3      | Noticed a centaur
  1946 | D:3      | Killed a centaur
  1946 | D:3      | Reached skill level 6 in Axes
  1946 | D:3      | Reached XP level 6. HP: 32/47 MP: 6/6
  2231 | D:3      | Found a hide-covered altar of Uskayaw.
  2234 | D:3      | Found a white marble altar of Elyvilon.
  2251 | D:3      | Found a snail-covered altar of Cheibriados.
  2251 | D:3      | Found a bloodstained altar of Trog.
  3098 | D:4      | Noticed Eustachio
  3125 | D:4      | Killed Eustachio
  3125 | D:4      | Reached skill level 7 in Axes
  3125 | D:4      | Reached XP level 7. HP: 37/52 MP: 7/7
  3389 | D:5      | Entered Level 5 of the Dungeon
  3701 | D:5      | Reached skill level 8 in Axes
  3746 | D:5      | Reached XP level 8. HP: 41/58 MP: 8/8
  4369 | D:6      | Reached skill level 9 in Axes
  4469 | D:6      | Noticed Prince Ribbit
  4945 | D:7      | Found a sacrificial altar of Ru.
  4961 | D:7      | Became a worshipper of Ru the Awakened
  5406 | D:7      | Reached skill level 10 in Axes
  5703 | D:6      | Noticed Grinder
  5982 | D:6      | Killed Grinder
  5982 | D:6      | Reached XP level 9. HP: 34/64 MP: 9/9
  6015 | D:6      | Found a staircase to the Ecumenical Temple.
  6027 | Temple   | Entered the Ecumenical Temple
  6228 | Temple   | Fell from the grace of Ru
  6228 | Temple   | Became a worshipper of Warmaster Okawaru
  6410 | D:6      | You fall through a shaft for 3 floors!
  6410 | D:9      | Noticed Erica
  6411 | D:9      | Gained mutation: You are dopey. (Int -2) [potion of mutation]
  6411 | D:9      | Lost mutation: You are dopey. (Int -2) [potion of mutation]
  6411 | D:9      | Gained mutation: You are clumsy. (Dex -2) [potion of mutation]
  6413 | D:9      | Killed from afar by Erica

Vault maps used:
D:1:      dpeg_arrival_simpleton_b, hangedman_feature_mirror
D:2:      uniq_terence
D:3:      grunt_temple_overflow_open, uniq_iyjb
D:4:      first_bread, uniq_eustachio
D:5:      minmay_misc_feat_five
D:6:      gammafunk_temple_overflow_pools, uniq_grinder, uniq_prince_ribbit1
D:7:      basic_altar
D:9:      special_room, david_nohive_1, uniq_erica
Temple:   regret_index_temple_generic_petals

Skill      XL: |  1  2  3  4  5  6  7  8 |
---------------+-------------------------+-----
Axes           | 3 4 6 7 8 10 | 10.9
Fighting       | |  3.4
Armour         | |  3.5
Shields        | |  3.7

Action                   |  1- 3 |  4- 6 |  7- 9 || total
-------------------------+-------+-------+-------++-------
Melee: War axe           |    13 |       |       ||    13
       Hand axe          |    70 |   231 |   273 ||   574
 Abil: Shaft Self        |       |       |     1 ||     1
  Use: Potion            |       |     1 |     1 ||     2
  Eat: Chunk             |       |     7 |     9 ||    16
       Pizza             |       |       |     1 ||     1
Armor: Scale mail        |    35 |    71 |    57 ||   163
Dodge: Dodged            |    20 |    61 |    63 ||   144
Block: Shield            |    35 |    91 |    96 ||   222
